 Dungeon Crawl Stone Soup version 0.28-a0-1447-ga5a8893891 (webtiles) character file.

Game seed: 5899711340270521979

2754 HallandMoats the Skirmisher (level 9, -9/75 HPs)
             Began as a Demonspawn Fighter on Jan 11, 2022.
             Was a Follower of Ashenzari.
             Mangled by a large slime creature (34 damage)
             ... on level 7 of the Dungeon.
             The game lasted 00:09:15 (7328 turns).

HallandMoats the Skirmisher (Demonspawn Fighter)    Turns: 7328, Time: 00:09:16

Health: -9/75      AC: 15    Str: 22    XL:     9   Next: 41%
Magic:  9/9        EV: 13    Int:  9    God:    Ashenzari [*.....]
Gold:   349        SH:  6    Dex: 18    Spells: 8/8 levels left

rFire   . . .      SeeInvis .   u - +1 falchion (elec)
rCold   + . .      Faith    .   c - +0 buckler "Moon of the Lashed Sage" {Cun, Self} (curse)
rNeg    . . .      Spirit   .   w - +7 Kryia's mail coat {PotionHeal*2 rC+}
rPois   .          Reflect  .   m - +0 helmet "Omniscient Lethargy" {Fort, Evo} (curse)
rElec   .          Harm     .   (no cloak)
rCorr   .          Rampage  .   (no gloves)
Will    .....                   (boots unavailable)
Stlth   +.........              (no amulet)
HPRegen 0.22/turn               v - +6 ring of dexterity
MPRegen 0.11/turn               (no ring)

@: about to teleport
A: hooves 3, demonic guardian 2, sturdy frame 2
a: Renounce Religion, Shatter the Chains


You were on level 7 of the Dungeon.
You worshipped Ashenzari.
Ashenzari was aware of your devotion.
You visited 1 branch of the dungeon, and saw 7 of its levels.

You collected 385 gold pieces.
You spent 36 gold pieces at shops.

Inventory:

Hand Weapons
 a - a +0 war axe
 b - a +1 short sword of speed
 u - a +1 falchion of electrocution (weapon)
Missiles
 k - 2 throwing nets (quivered)
Armour
 c - the cursed +0 buckler "Moon of the Lashed Sage" (worn) {Cun, Self}

   It has a curse which improves the following skills: Cunning: Dodging and
   Stealth.
   Introspection: Fighting and Spellcasting.
 m - the cursed +0 helmet "Omniscient Lethargy" (worn) {Fort, Evo}
   (You found it on level 3 of the Dungeon)

   It has a curse which improves the following skills: Fortitude: Armour and
   Shields.
   Evocations: Evocations.
 w - the +7 Kryia's mail coat (worn) {PotionHeal*2 rC+}
   (You found it on level 6 of the Dungeon)

   Potions are twice as effective at healing its wearer.
   rC:        It protects you from cold.
Jewellery
 r - a ring of flight
 v - a +6 ring of dexterity (left hand)
Wands
 f - a wand of flame (14)
 o - a wand of iceblast (15)
Scrolls
 d - a scroll of enchant armour
 e - 2 scrolls of amnesia
 g - 9 scrolls of identify
 n - a scroll of magic mapping
 q - 2 scrolls of teleportation
 s - a scroll of silence
Potions
 i - 2 potions of mutation
 j - 2 potions of cancellation
 l - 4 potions of degeneration
 p - 2 potions of flight
 t - a potion of ambrosia


   Skills:
 * Level 7.5(8.4) Fighting
 * Level 6.5 Axes
 + Level 5.1(6.0) Armour
 + Level 4.2(5.1) Dodging
 + Level 5.3(6.1) Shields


You had 8 spell levels left.
You didn't know any spells.
Your spell library contained the following spells:

 Spells                   Type           Power      Damage    Failure   Level
 Sting                    Tmut/Pois      0%         1d3       56%         1
 Ensorcelled Hibernation  Hex/Ice        0%         N/A       71%         2
 Poisonous Vapours        Pois/Air       0%         N/A       71%         2
 Scorch                   Fire           0%         2d5       71%         2
 Ignite Poison            Fire/Tmut/Pois 0%         N/A       91%         3
 Mephitic Cloud           Conj/Pois/Air  0%         N/A       91%         3
 Spider Form              Tmut/Pois      0%         N/A       91%         3
 Anguish                  Hex/Necr       0%         N/A       100%        4
 Flame Wave               Conj/Fire      0%         2d4       100%        4
 Olgreb's Toxic Radiance  Pois           0%         N/A       100%        4
 Freezing Cloud           Conj/Ice/Air   0%         6-21      100%        5
 Summon Cactus Giant      Summ           0%         N/A       100%        6


Dungeon Overview and Level Annotations

Branches:
Dungeon (7/15)             Temple (0/1) D:5

Altars:
Ashenzari
Gozag
Okawaru
Ru
Uskayaw
Wu Jian

Shops:
D:5 (?**   D:6 [


Innate Abilities, Weirdness & Mutations

You have hooves in place of feet.
A demonic guardian rushes to your aid.
Your movements are less encumbered by armour. (ER -4)


Message History

You block the orc's attack.
You barely miss the orc. Your kick misses the orc. The orc misses you.
You block the orc's attack.
You hit the orc. You kick the orc.
You kill the orc!
A slime creature comes into view.
Items here: ( ) [ †.
You block the slime creature's attack.
You hit the slime creature but do no damage.
You kick the slime creature!
The slime creature is lightly wounded.
The slime creature barely misses you. x2
You slash the slime creature!
Lightning courses through the slime creature!
You kick the slime creature!
The slime creature is severely wounded.
The slime creature barely misses you.
You hit the slime creature.
The slime creature is almost dead.
The slime creature hits you.
A centaur comes into view.
Two slime creatures merge to form a large slime creature.
The centaur shouts!
You hit the large slime creature.
You kick the large slime creature, but do no damage.
The large slime creature is heavily wounded.
The centaur wields a +0 shortbow.
The centaur shoots an arrow.
The arrow hits you!
The centaur shoots an arrow.
The arrow barely misses you.
You hit the large slime creature but do no damage.
The large slime creature is heavily wounded.
The centaur shoots an arrow.
The arrow barely misses you. The large slime creature hits you.
The large slime creature closely misses you.
The centaur shoots an arrow.
You block the arrow.
As you read the scroll of teleportation, it crumbles to dust.
You feel strangely unstable.
You slash the large slime creature! You kick the large slime creature!
The large slime creature is heavily wounded.
The large slime creature hits you!!
You die...

#.# #.... ####.#####...
#..#.#..##.. ####
...#.)##.####...
...#.#####.#.###......#.
#.......)........####...
...#.###c#)#####........
#J.#... #.####...
#@.#.#..##.# #.##
####.#####.# #.# #.# #.#
#.# ... ..# #.# ... ...
..## ....


You could see a large slime creature and a centaur.

Vanquished Creatures
  The ghost of hashsling the Bolt Thrower, an amateur KoHu (D:4)
  A shadow (D:7)
  A vampire (D:7)
  A vampire mosquito (D:7)
  A water moccasin (D:5)
  A black bear (D:6)
  4 ogres
  A necrophage (D:5)
  A phantom (D:7)
  A kobold brigand (D:7)
  A water moccasin zombie (D:6)
  3 scorpions
  4 wights (D:6)
  2 howler monkeys
  A crimson imp (D:4)
  2 centaur zombies (D:7)
  An orc priest (D:6)
  2 hounds
  A centaur skeleton (D:6)
  2 jellies
  A bullfrog skeleton (D:7)
  4 iguanas
  2 orc wizards
  3 gnolls (D:5)
  A howler monkey skeleton (D:7)
  9 adders
  A shadow imp (D:7)
  2 white imps
  An ufetubus (D:6)
  A worm (D:4)
  The ghost of MadeInAbyssDelver the Sneak, a weakling HuDe (D:3)
  2 dart slugs
  14 orcs
  6 ball pythons
  3 endoplasms
  2 giant cockroaches (D:1)
  7 goblins
  8 hobgoblins
  11 jackals
  A quokka (D:2)
  4 bats (D:1)
  5 frilled lizards
  10 kobolds
  6 rats
137 creatures vanquished.

Vanquished Creatures (collateral kills)
  The ghost of hashsling the Magician, an amateur DEWz (D:4)
  A centaur (D:6)
  An iguana (D:5)
  A white imp (D:4)
4 creatures vanquished.

Vanquished Creatures (others)
  An orc (D:4)
  6 withered plants (D:4)
7 creatures vanquished.

Grand Total: 148 creatures vanquished

Notes
Turn   | Place    | Note
-------+----------+-------------------------------------------
     0 | D:1      | HallandMoats the Demonspawn Fighter began the quest for the
                  | Orb.
     0 | D:1      | Reached XP level 1. HP: 18/18 MP: 1/1
   331 | D:1      | Gained mutation: A weak demonic guardian rushes to your
                  | aid. [demonic ancestry]
   331 | D:1      | Reached XP level 2. HP: 21/24 MP: 2/2
   673 | D:1      | Gained mutation: You have large cloven feet. [demonic
                  | ancestry]
   673 | D:1      | Reached XP level 3. HP: 16/29 MP: 3/3
  1359 | D:2      | Found a faded altar of an unknown god.
  1391 | D:2      | Prayed at the altar of an unknown god.
  1391 | D:2      | Became a worshipper of Ashenzari the Shackled
  2067 | D:2      | Gained mutation: Your movements are slightly less
                  | encumbered by armour. (ER -2) [demonic ancestry]
  2067 | D:2      | Reached XP level 4. HP: 27/37 MP: 4/4
  2627 | D:3      | Reached * piety under Ashenzari
  2786 | D:3      | Reached skill level 1 in Dodging
  2896 | D:3      | Found a runed translucent gate.
  2896 | D:3      | Found a runed translucent gate.
  2896 | D:3      | Found a runed translucent gate.
  2897 | D:3      | Found an opulent altar of Gozag.
  2897 | D:3      | Noticed MadeInAbyssDelver's ghost (weakling HuDe)
  3118 | D:3      | Reached skill level 4 in Fighting
  3118 | D:3      | Gained mutation: You have hoof-like feet. [demonic
                  | ancestry]
  3118 | D:3      | Reached XP level 5. HP: 39/43 MP: 5/5
  3120 | D:3      | Killed MadeInAbyssDelver's ghost
  3795 | D:4      | Found a runed translucent gate.
  3795 | D:4      | Found a runed translucent gate.
  3795 | D:4      | Found a runed translucent gate.
  3796 | D:4      | Noticed hashsling's ghost (amateur KoHu)
  3796 | D:4      | Noticed hashsling's ghost (amateur DEWz)
  3811 | D:4      | Found a sacrificial altar of Ru.
  4050 | D:4      | Found a hide-covered altar of Uskayaw.
  4050 | D:4      | Found an iron altar of Okawaru.
  4051 | D:4      | Found an ornate altar of the Wu Jian Council.
  4152 | D:5      | Entered Level 5 of the Dungeon
  4152 | D:5      | Noticed an ogre
  4160 | D:5      | Noticed a necrophage
  4165 | D:5      | Killed an ogre
  4166 | D:5      | Gained mutation: You have hooves in place of feet. [demonic
                  | ancestry]
  4166 | D:5      | Reached XP level 6. HP: 17/51 MP: 6/6
  4403 | D:4      | Killed hashsling's ghost
  4422 | D:4      | Killed hashsling's ghost
  4423 | D:4      | Reached skill level 5 in Fighting
  4423 | D:4      | Gained mutation: A demonic guardian rushes to your aid.
                  | [demonic ancestry]
  4423 | D:4      | Reached XP level 7. HP: 8/57 MP: 7/7
  4840 | D:5      | Found a staircase to the Ecumenical Temple.
  5507 | D:5      | Found Leharalo's General Store.
  5517 | D:5      | Reached ** piety under Ashenzari
  5518 | D:5      | Found Erippau's Magic Scroll Shoppe.
  5521 | D:5      | Found Cathemmi's Assorted Antiques.
  5532 | D:5      | Gained mutation: Your movements are less encumbered by
                  | armour. (ER -4) [demonic ancestry]
  5532 | D:5      | Reached XP level 8. HP: 54/65 MP: 8/8
  5634 | D:5      | Bought a scroll of teleportation for 36 gold pieces
  5655 | D:5      | Found Faocweph's Weapon Shoppe.
  5725 | D:5      | Reached skill level 5 in Axes
  5970 | D:6      | Found the +7 Kryia's mail coat {PotionHeal*2 rC+}
  6032 | D:6      | Found Reewedim's Antique Armour Boutique.
  6039 | D:6      | Reached skill level 6 in Fighting
  7114 | D:7      | Reached XP level 9. HP: 74/74 MP: 9/9
  7162 | D:7      | Reached skill level 7 in Fighting
  7205 | D:7      | Reached skill level 5 in Shields
  7274 | D:7      | Reached skill level 5 in Armour
  7328 | D:7      | Mangled by a large slime creature

Illustrated notes

Levels and vault maps discovered:
D:1:      dpeg_arrival_snail, layout_basic, minmay_unequal
D:2:      layout_basic, basic_ecumenical_altar
D:3:      layout_basic, ebering_ghost_gozag
D:4:      layout_cave_pools, gammafunk_temple_overflow_claw,
          mainiacjoe_overflow_boulevard, gammafunk_ghost_cemetery,
          minmay_fire_ice_demons
D:5:      layout_rooms, minmay_temple_entry_antechambers, serial_shops,
          kennysheep_mini_moat, shop, nicolae_shop_statue_plus,
          nicolae_stop_n_shop_2, serial_bayou_pond_d
D:6:      layout_basic, serial_shops, shop
D:7:      layout_loops_ring, minmay_the_grid_2x2
          [minmay_the_grid_stretched_grid, minmay_the_grid_eight,
          minmay_the_grid_rooms, minmay_the_grid_prize_big_room]

Skill      XL: |  1  2  3  4  5  6  7  8  9 |
---------------+----------------------------+-----
Axes           | 2 3 4 5 6 |  6.5
Shields        | 3 4 5 |  5.3
Armour         | 3 4 5 |  5.1
Dodging        | 1 2 3 4 |  4.2
Fighting       | 4 5 6 7 |  7.5

Action                   |  1- 3 |  4- 6 |  7- 9 || total
-------------------------+-------+-------+-------++-------
Melee: Short sword       |   145 |   146 |    81 ||   372
       War axe           |    16 |       |       ||    16
       Kick              |     8 |    35 |    72 ||   115
       Falchion          |       |       |   172 ||   172
Invok: Curse Item        |     1 |     1 |     1 ||     3
       Shatter the Chain |       |       |     1 ||     1
  Use: Potion            |       |     1 |     2 ||     3
       Scroll            |       |       |     1 ||     1
 Stab: Distracted        |       |     1 |       ||     1
Armor: Scale mail        |    83 |    32 |   102 ||   217
Dodge: Dodged            |    55 |    41 |   125 ||   221
Block: Buckler           |    31 |    22 |    64 ||   117

Table legend: (Time is in decaauts)
 A = Elapsed time spent in this place.
 B = Non-inter-level travel time spent in this place.
 C = Inter-level travel time spent in this place.
 D = Time resting spent in this place.
 E = Time spent auto-exploring this place.
 F = Levels seen in this place.
 G = Mean time per level.
                   A        B        C        D        E       F      G
               +--------+--------+--------+--------+--------+-----+--------+
         Total |   7310 |   7069 |    241 |      0 |   5985 |   7 | 1044.3 |
       Dungeon |   7310 |   7069 |    241 |      0 |   5985 |   7 | 1044.3 |
               +--------+--------+--------+--------+--------+-----+--------+

Top non-repeatable levels by time:
     D:2: 1472 daAuts
     D:4: 1289 daAuts
     D:5: 1252 daAuts
     D:6: 1091 daAuts
     D:1: 1009 daAuts
     D:3: 864 daAuts
     D:7: 332 daAuts
